[ PARTIDA AOE2 · #477534412 ]
Team RMTurcos vs Romans
[ ANÁLISIS DE REPETICIÓN · EXTRAÍDO DE LA PARTIDA GRABADA ]
Feudal
11:24
Castillos
20:24
Imperial
—
| APM promedio | 10.3 |
| APM pico | 20 |
| eAPM promedio | 7.0 |
| Aldeanos / militares | 56 / 25 |
Foco
⚔️ 16.2% · 🌾 83.8%
Janissary ×13 · Spearman ×9 · Battering Ram ×3 · Trade Cart ×1
Feudal
21:17
Castillos
—
Imperial
—
| APM promedio | 6.8 |
| APM pico | 24 |
| eAPM promedio | 6.1 |
| Aldeanos / militares | 81 / 0 |
Foco
⚔️ 2.6% · 🌾 97.4%
Trade Cart ×8
Feudal
10:46
Castillos
26:34
Imperial
—
| APM promedio | 11.3 |
| APM pico | 30 |
| eAPM promedio | 6.5 |
| Aldeanos / militares | 52 / 20 |
Foco
⚔️ 20.5% · 🌾 79.5%
Spearman ×8 · Militia ×7 · Centurion ×5
Feudal
10:44
Castillos
19:35
Imperial
28:45
| APM promedio | 5.9 |
| APM pico | 16 |
| eAPM promedio | 5.1 |
| Aldeanos / militares | 48 / 14 |
Foco
⚔️ 16.4% · 🌾 83.6%
Battle Elephant ×8 · Ballista Elephant ×2 · Trebuchet (Packed) ×2 · Knight ×2
Feudal
12:58
Castillos
28:57
Imperial
—
| APM promedio | 8.0 |
| APM pico | 21 |
| eAPM promedio | 5.7 |
| Aldeanos / militares | 36 / 0 |
Foco
⚔️ 9.8% · 🌾 90.2%
Feudal
13:50
Castillos
19:04
Imperial
—
| APM promedio | 13.6 |
| APM pico | 53 |
| eAPM promedio | 10.1 |
| Aldeanos / militares | 96 / 34 |
Foco
⚔️ 9.9% · 🌾 90.1%
Shotel Warrior ×34
Mapa de la partida
Recursos iniciales + cada clic de construcción. Líneas = muros · curvas = relieve. ◆ oro · ⬟ piedra · ● bayas · ✦ reliquia · ◌ hueco del cierre
Tu base· Abierta — flanco sin cerrar
Base de AlPha :D· Abierta — hueco de 3t
Base de madsuperlugnelars· Abierta — flanco sin cerrar
Base de AnHell· Abierta — flanco sin cerrar
Base de FattyBlapWap· ✓ Cerrada en 28:57 · 98t muro · 2 puerta(s)
Base de SGTbubbles· Abierta — hueco de 1t
Terreno inicial suavizado · ◌ = hueco del cierre detectado · pasá el cursor para detalles
Inputs por minuto
— Maximus_Rippus - - AlPha :D
Build order — Maximus_Rippus
138 acciones detectadas en el replay
| 0:08 | Construir | House |
| 0:12 | Construir | House |
| 0:25 | Crear | Villager (Male) |
| 0:26 | Crear | Villager (Male) |
| 0:26 | Crear | Villager (Male) |
| 0:26 | Crear | Villager (Male) |
| 1:47 | Crear | Villager (Male) |
| 2:33 | Crear | Villager (Male) |
| 3:12 | Crear | Villager (Male) |
| 3:12 | Crear | Villager (Male) |
| 3:12 | Crear | Villager (Male) |
| 4:29 | Construir | Lumber Camp |
| 4:34 | Crear | Villager (Male) |
| 4:43 | Construir | House |
| 4:58 | Crear | Villager (Male) |
| 4:58 | Crear | Villager (Male) |
| 5:21 | Construir | House |
| 5:49 | Crear | Villager (Male) |
| 6:10 | Crear | Villager (Male) |
| 7:29 | Construir | Mill |
| 7:43 | Construir | Mill |
| 7:58 | Crear | Villager (Male) |
| 8:24 | Crear | Villager (Male) |
| 8:48 | Crear | Villager (Male) |
| 9:04 | Investigar | Feudal Age |
| 9:57 | Construir | Barracks |
| 10:23 | Construir | Mining Camp |
| 11:24 | Edad | Edad Feudal |
| 11:34 | Investigar | Double-Bit Axe |
| 11:38 | Investigar | Wheelbarrow |
| 12:38 | Construir | Mining Camp |
| 13:13 | Investigar | Horse Collar |
| 13:20 | Construir | Farm |
| 13:25 | Construir | Farm |
| 13:33 | Crear | Villager (Male) |
| 13:33 | Crear | Villager (Male) |
| 13:33 | Crear | Villager (Male) |
| 13:51 | Construir | Market |
| 14:40 | Construir | Blacksmith |
| 15:21 | Construir | Farm |
| 15:28 | Construir | Farm |
| 15:31 | Crear | Villager (Male) |
| 15:32 | Crear | Villager (Male) |
| 15:32 | Crear | Villager (Male) |
| 15:40 | Construir | Farm |
| 15:48 | Construir | Farm |
| 15:59 | Construir | Farm |
| 16:05 | Construir | House |
| 16:20 | Construir | Farm |
| 16:31 | Construir | House |
| 16:58 | Construir | Farm |
| 17:11 | Construir | Farm |
| 17:41 | Construir | Farm |
| 17:44 | Investigar | Castle Age |
| 18:29 | Construir | Mining Camp |
| 18:36 | Investigar | Gold Mining |
| 18:37 | Investigar | Stone Mining |
| 20:08 | Crear | Spearman |
| 20:09 | Crear | Spearman |
| 20:09 | Crear | Spearman |
| 20:10 | Crear | Spearman |
| 20:10 | Crear | Spearman |
| 20:11 | Crear | Spearman |
| 20:19 | Investigar | Padded Archer Armor |
| 20:20 | Investigar | Forging |
| 20:24 | Edad | Edad de los Castillos |
| 20:57 | Construir | Castle |
| 21:17 | Crear | Spearman |
| 21:18 | Crear | Spearman |
| 21:18 | Crear | Spearman |
| 23:01 | Investigar | Hand Cart |
| 23:04 | Investigar | Bow Saw |
| 23:24 | Crear | Villager (Male) |
| 23:24 | Crear | Villager (Male) |
| 23:24 | Crear | Villager (Male) |
| 23:24 | Crear | Villager (Male) |
| 23:46 | Crear | Janissary |
| 23:51 | Crear | Janissary |
| 24:27 | Crear | Villager (Male) |
| 24:27 | Crear | Villager (Male) |
| 24:27 | Crear | Villager (Male) |
| 24:54 | Crear | Janissary |
| 24:54 | Crear | Janissary |
| 25:16 | Crear | Janissary |
| 25:16 | Crear | Janissary |
| 26:36 | Crear | Janissary |
| 26:36 | Crear | Janissary |
| 26:36 | Crear | Janissary |
| 26:36 | Crear | Janissary |
| 26:36 | Crear | Janissary |
| 26:37 | Crear | Janissary |
| 26:37 | Crear | Janissary |
| 27:11 | Construir | Town Center |
| 27:16 | Crear | Villager (Male) |
| 27:16 | Crear | Villager (Male) |
| 28:11 | Construir | Siege Workshop |
| 28:38 | Construir | House |
| 28:43 | Construir | House |
| 28:46 | Construir | House |
| 29:54 | Construir | Lumber Camp |
| 30:00 | Crear | Villager (Male) |
| 30:00 | Crear | Villager (Male) |
| 30:00 | Crear | Villager (Male) |
| 30:01 | Crear | Villager (Male) |
| 30:01 | Crear | Villager (Male) |
| 30:01 | Crear | Villager (Male) |
| 30:01 | Crear | Villager (Male) |
| 30:02 | Crear | Villager (Male) |
| 30:02 | Crear | Villager (Male) |
| 30:02 | Crear | Villager (Male) |
| 30:02 | Crear | Villager (Male) |
| 30:03 | Crear | Villager (Male) |
| 30:12 | Crear | Trade Cart |
| 30:43 | Crear | Battering Ram |
| 30:43 | Crear | Battering Ram |
| 31:03 | Construir | Castle |
| 31:15 | Crear | Battering Ram |
| 31:48 | Crear | Villager (Male) |
| 31:49 | Crear | Villager (Male) |
| 31:49 | Crear | Villager (Male) |
| 31:49 | Crear | Villager (Male) |
| 31:49 | Crear | Villager (Male) |
| 31:50 | Crear | Villager (Male) |
| 31:50 | Crear | Villager (Male) |
| 31:50 | Crear | Villager (Male) |
| 31:50 | Crear | Villager (Male) |
| 32:08 | Construir | Farm |
| 32:13 | Construir | Farm |
| 32:22 | Construir | Farm |
| 32:31 | Construir | Farm |
| 32:40 | Construir | Farm |
| 32:47 | Construir | Farm |
| 32:55 | Construir | Farm |
| 33:01 | Construir | Farm |
| 33:04 | Crear | Villager (Male) |
| 33:04 | Crear | Villager (Male) |
| 33:04 | Crear | Villager (Male) |
| 33:14 | Construir | Farm |
Build order — AlPha :D
149 acciones detectadas en el replay
| 0:09 | Construir | House |
| 0:10 | Construir | House |
| 0:11 | Construir | House |
| 0:12 | Construir | House |
| 0:15 | Investigar | Loom |
| 0:15 | Crear | Villager (Male) |
| 0:15 | Crear | Villager (Male) |
| 0:16 | Crear | Villager (Male) |
| 0:16 | Crear | Villager (Male) |
| 0:16 | Crear | Villager (Male) |
| 0:16 | Crear | Villager (Male) |
| 2:08 | Crear | Villager (Male) |
| 2:09 | Crear | Villager (Male) |
| 2:09 | Crear | Villager (Male) |
| 3:02 | Crear | Villager (Male) |
| 3:03 | Crear | Villager (Male) |
| 3:57 | Crear | Villager (Male) |
| 3:57 | Crear | Villager (Male) |
| 3:58 | Crear | Villager (Male) |
| 3:58 | Crear | Villager (Male) |
| 5:17 | Crear | Villager (Male) |
| 5:18 | Crear | Villager (Male) |
| 5:18 | Crear | Villager (Male) |
| 5:18 | Crear | Villager (Male) |
| 5:18 | Crear | Villager (Male) |
| 5:18 | Crear | Villager (Male) |
| 5:32 | Construir | Mill |
| 5:54 | Construir | Mill |
| 5:56 | Crear | Villager (Male) |
| 5:56 | Crear | Villager (Male) |
| 5:56 | Crear | Villager (Male) |
| 7:17 | Crear | Villager (Male) |
| 7:17 | Crear | Villager (Male) |
| 7:18 | Crear | Villager (Male) |
| 7:18 | Crear | Villager (Male) |
| 8:30 | Crear | Villager (Male) |
| 8:31 | Crear | Villager (Male) |
| 8:31 | Crear | Villager (Male) |
| 8:31 | Crear | Villager (Male) |
| 8:31 | Crear | Villager (Male) |
| 8:31 | Crear | Villager (Male) |
| 8:44 | Construir | Lumber Camp |
| 8:48 | Crear | Villager (Male) |
| 8:48 | Crear | Villager (Male) |
| 8:48 | Crear | Villager (Male) |
| 9:04 | Construir | House |
| 9:05 | Construir | House |
| 9:06 | Construir | House |
| 9:07 | Construir | House |
| 9:13 | Crear | Villager (Male) |
| 9:14 | Crear | Villager (Male) |
| 9:14 | Crear | Villager (Male) |
| 9:14 | Crear | Villager (Male) |
| 9:42 | Crear | Villager (Male) |
| 9:42 | Crear | Villager (Male) |
| 10:58 | Crear | Villager (Male) |
| 10:59 | Crear | Villager (Male) |
| 10:59 | Crear | Villager (Male) |
| 10:59 | Crear | Villager (Male) |
| 10:59 | Crear | Villager (Male) |
| 11:07 | Construir | Farm |
| 11:11 | Construir | Farm |
| 11:15 | Construir | Farm |
| 11:18 | Construir | Farm |
| 11:25 | Construir | Farm |
| 11:30 | Construir | Farm |
| 11:36 | Construir | Farm |
| 11:42 | Construir | Farm |
| 11:47 | Construir | Farm |
| 11:51 | Construir | Farm |
| 11:55 | Construir | Farm |
| 12:00 | Crear | Villager (Male) |
| 12:00 | Crear | Villager (Male) |
| 12:00 | Crear | Villager (Male) |
| 12:00 | Crear | Villager (Male) |
| 12:12 | Construir | Farm |
| 12:47 | Construir | Farm |
| 12:50 | Construir | Farm |
| 12:53 | Crear | Villager (Male) |
| 12:53 | Crear | Villager (Male) |
| 12:53 | Crear | Villager (Male) |
| 12:53 | Crear | Villager (Male) |
| 12:54 | Crear | Villager (Male) |
| 12:58 | Construir | Farm |
| 13:12 | Construir | Lumber Camp |
| 13:18 | Construir | Lumber Camp |
| 13:25 | Construir | Farm |
| 13:42 | Crear | Villager (Male) |
| 13:43 | Crear | Villager (Male) |
| 13:43 | Crear | Villager (Male) |
| 13:43 | Crear | Villager (Male) |
| 13:43 | Crear | Villager (Male) |
| 13:53 | Construir | Farm |
| 14:11 | Construir | Mining Camp |
| 14:55 | Crear | Villager (Male) |
| 14:55 | Crear | Villager (Male) |
| 14:55 | Crear | Villager (Male) |
| 14:56 | Crear | Villager (Male) |
| 14:56 | Crear | Villager (Male) |
| 14:56 | Crear | Villager (Male) |
| 14:56 | Crear | Villager (Male) |
| 14:56 | Crear | Villager (Male) |
| 15:24 | Construir | Mining Camp |
| 15:46 | Construir | Mining Camp |
| 17:06 | Construir | House |
| 17:06 | Construir | House |
| 17:08 | Construir | House |
| 17:08 | Construir | House |
| 17:27 | Investigar | Feudal Age |
| 19:28 | Construir | House |
| 19:29 | Construir | House |
| 19:31 | Construir | House |
| 19:32 | Construir | House |
| 21:17 | Edad | Edad Feudal |
| 21:21 | Investigar | Wheelbarrow |
| 21:23 | Investigar | Double-Bit Axe |
| 21:26 | Investigar | Gold Mining |
| 21:27 | Investigar | Stone Mining |
| 21:32 | Investigar | Stone Mining |
| 21:34 | Investigar | Horse Collar |
| 21:39 | Construir | Blacksmith |
| 21:49 | Crear | Villager (Male) |
| 21:49 | Crear | Villager (Male) |
| 21:54 | Crear | Villager (Male) |
| 21:54 | Crear | Villager (Male) |
| 22:54 | Construir | Farm |
| 23:00 | Construir | Mill |
| 23:03 | Crear | Villager (Male) |
| 23:22 | Construir | Market |
| 23:46 | Crear | Villager (Male) |
| 23:46 | Crear | Villager (Male) |
| 23:46 | Crear | Villager (Male) |
| 23:46 | Crear | Villager (Male) |
| 23:47 | Crear | Villager (Male) |
| 23:47 | Crear | Villager (Male) |
| 23:51 | Construir | Lumber Camp |
| 23:59 | Construir | Lumber Camp |
| 24:08 | Construir | Farm |
| 24:20 | Construir | Market |
| 24:33 | Investigar | Castle Age |
| 25:12 | Crear | Trade Cart |
| 25:13 | Crear | Trade Cart |
| 25:13 | Crear | Trade Cart |
| 25:13 | Crear | Trade Cart |
| 25:13 | Crear | Trade Cart |
| 25:14 | Crear | Trade Cart |
| 25:14 | Crear | Trade Cart |
| 25:15 | Crear | Trade Cart |
| 25:26 | Construir | Watch Tower |
Build order — madsuperlugnelars
148 acciones detectadas en el replay
| 0:11 | Crear | Villager (Male) |
| 0:12 | Investigar | Loom |
| 0:43 | Construir | House |
| 0:46 | Construir | House |
| 0:57 | Crear | Villager (Male) |
| 0:58 | Crear | Villager (Male) |
| 1:37 | Crear | Villager (Male) |
| 1:37 | Crear | Villager (Male) |
| 1:44 | Construir | House |
| 2:09 | Crear | Villager (Male) |
| 2:09 | Crear | Villager (Male) |
| 2:58 | Construir | Lumber Camp |
| 3:38 | Crear | Villager (Male) |
| 3:38 | Crear | Villager (Male) |
| 3:38 | Crear | Villager (Male) |
| 4:06 | Crear | Villager (Male) |
| 4:48 | Crear | Villager (Male) |
| 4:49 | Crear | Villager (Male) |
| 5:19 | Construir | Mill |
| 7:41 | Construir | Mining Camp |
| 8:10 | Construir | Mining Camp |
| 8:36 | Investigar | Feudal Age |
| 10:46 | Edad | Edad Feudal |
| 10:48 | Investigar | Wheelbarrow |
| 10:52 | Investigar | Double-Bit Axe |
| 11:23 | Crear | Villager (Male) |
| 12:09 | Crear | Villager (Male) |
| 12:35 | Crear | Villager (Male) |
| 12:58 | Construir | House |
| 13:17 | Crear | Villager (Male) |
| 13:34 | Construir | Farm |
| 13:50 | Construir | Farm |
| 14:13 | Crear | Villager (Male) |
| 14:22 | Construir | House |
| 14:27 | Investigar | Horse Collar |
| 14:44 | Construir | Farm |
| 14:56 | Crear | Villager (Male) |
| 15:09 | Construir | House |
| 15:19 | Crear | Villager (Male) |
| 15:26 | Construir | Farm |
| 15:35 | Crear | Villager (Male) |
| 15:52 | Construir | Farm |
| 16:11 | Construir | Lumber Camp |
| 16:18 | Construir | Farm |
| 16:20 | Crear | Villager (Male) |
| 16:20 | Crear | Villager (Male) |
| 16:28 | Construir | House |
| 16:51 | Construir | Farm |
| 16:55 | Crear | Villager (Male) |
| 16:58 | Investigar | Stone Mining |
| 17:15 | Construir | Farm |
| 17:23 | Crear | Villager (Male) |
| 17:34 | Construir | House |
| 17:41 | Construir | Farm |
| 17:44 | Crear | Villager (Male) |
| 18:05 | Construir | Farm |
| 18:10 | Crear | Villager (Male) |
| 18:38 | Construir | Blacksmith |
| 18:45 | Crear | Villager (Male) |
| 18:49 | Construir | Farm |
| 18:53 | Crear | Villager (Male) |
| 19:01 | Construir | Farm |
| 19:06 | Crear | Villager (Male) |
| 19:33 | Construir | Farm |
| 19:39 | Construir | Farm |
| 19:44 | Construir | Farm |
| 19:49 | Construir | Farm |
| 19:54 | Crear | Villager (Male) |
| 20:19 | Crear | Villager (Male) |
| 20:50 | Construir | Barracks |
| 21:10 | Construir | Barracks |
| 21:35 | Construir | Mill |
| 21:47 | Crear | Villager (Male) |
| 21:48 | Crear | Villager (Male) |
| 22:05 | Construir | Market |
| 22:24 | Construir | Farm |
| 22:35 | Investigar | Man-at-Arms (upgrade) |
| 22:36 | Crear | Spearman |
| 22:37 | Crear | Militia |
| 22:46 | Construir | House |
| 22:50 | Construir | House |
| 23:10 | Construir | Stone Wall |
| 23:16 | Construir | Gate |
| 23:54 | Investigar | Castle Age |
| 24:02 | Crear | Spearman |
| 24:02 | Crear | Spearman |
| 24:03 | Crear | Militia |
| 24:03 | Crear | Militia |
| 24:12 | Construir | House |
| 24:15 | Construir | House |
| 24:18 | Investigar | Gold Mining |
| 24:40 | Construir | Mining Camp |
| 25:28 | Investigar | Forging |
| 25:28 | Investigar | Scale Mail Armor |
| 25:29 | Investigar | Scale Barding Armor |
| 25:33 | Crear | Militia |
| 25:34 | Crear | Spearman |
| 25:34 | Crear | Spearman |
| 26:25 | Construir | Stone Wall |
| 26:29 | Construir | Gate |
| 26:34 | Edad | Edad de los Castillos |
| 26:37 | Crear | Villager (Male) |
| 26:37 | Crear | Villager (Male) |
| 26:38 | Crear | Villager (Male) |
| 26:45 | Investigar | Hand Cart |
| 27:03 | Construir | University |
| 27:17 | Construir | Castle |
| 27:23 | Crear | Villager (Male) |
| 27:24 | Crear | Villager (Male) |
| 27:33 | Investigar | Long Swordsman (upgrade) |
| 27:37 | Investigar | Iron Casting |
| 27:38 | Investigar | Chain Mail Armor |
| 28:00 | Investigar | Bow Saw |
| 28:02 | Investigar | Heavy Plow |
| 28:06 | Investigar | Gold Shaft Mining |
| 28:13 | Crear | Militia |
| 28:14 | Crear | Militia |
| 28:30 | Investigar | Murder Holes |
| 28:53 | Construir | Town Center |
| 28:59 | Crear | Villager (Male) |
| 28:59 | Crear | Villager (Male) |
| 29:25 | Construir | House |
| 29:39 | Crear | Villager (Male) |
| 29:39 | Crear | Villager (Male) |
| 29:50 | Construir | Stone Wall |
| 29:55 | Construir | Gate |
| 30:11 | Construir | Mining Camp |
| 30:32 | Crear | Militia |
| 30:55 | Crear | Villager (Male) |
| 30:56 | Crear | Villager (Male) |
| 31:28 | Construir | Stone Wall |
| 31:56 | Construir | Farm |
| 31:59 | Crear | Villager (Male) |
| 31:59 | Crear | Villager (Male) |
| 32:03 | Crear | Villager (Male) |
| 32:03 | Crear | Villager (Male) |
| 32:03 | Crear | Villager (Male) |
| 32:09 | Investigar | Ballistas |
| 32:09 | Crear | Centurion |
| 32:10 | Crear | Centurion |
| 32:10 | Crear | Centurion |
| 32:36 | Crear | Villager (Male) |
| 32:36 | Crear | Villager (Male) |
| 33:03 | Crear | Spearman |
| 33:04 | Crear | Spearman |
| 33:04 | Crear | Spearman |
| 33:19 | Crear | Centurion |
| 33:20 | Crear | Centurion |
Build order — AnHell
121 acciones detectadas en el replay
| 0:08 | Crear | Villager (Male) |
| 0:08 | Crear | Villager (Male) |
| 0:09 | Crear | Villager (Male) |
| 0:09 | Crear | Villager (Male) |
| 0:09 | Crear | Villager (Male) |
| 0:14 | Construir | House |
| 0:48 | Construir | House |
| 0:49 | Construir | House |
| 2:20 | Crear | Villager (Male) |
| 2:49 | Crear | Villager (Male) |
| 2:49 | Crear | Villager (Male) |
| 2:57 | Construir | Mill |
| 3:29 | Crear | Villager (Male) |
| 4:09 | Crear | Villager (Male) |
| 4:10 | Crear | Villager (Male) |
| 5:28 | Crear | Villager (Male) |
| 5:28 | Crear | Villager (Male) |
| 5:28 | Crear | Villager (Male) |
| 5:29 | Crear | Villager (Male) |
| 6:10 | Crear | Villager (Male) |
| 6:47 | Crear | Villager (Male) |
| 8:06 | Construir | House |
| 8:07 | Construir | House |
| 8:08 | Construir | House |
| 8:34 | Investigar | Feudal Age |
| 9:42 | Construir | Lumber Camp |
| 10:44 | Edad | Edad Feudal |
| 10:46 | Investigar | Wheelbarrow |
| 11:17 | Investigar | Double-Bit Axe |
| 11:36 | Construir | Farm |
| 11:39 | Construir | Farm |
| 11:57 | Construir | Farm |
| 12:20 | Crear | Villager (Male) |
| 12:20 | Crear | Villager (Male) |
| 12:21 | Crear | Villager (Male) |
| 12:21 | Crear | Villager (Male) |
| 12:21 | Crear | Villager (Male) |
| 12:21 | Crear | Villager (Male) |
| 12:22 | Crear | Villager (Male) |
| 12:28 | Construir | Farm |
| 12:35 | Construir | Farm |
| 12:42 | Construir | Farm |
| 12:54 | Construir | Mining Camp |
| 13:05 | Crear | Villager (Male) |
| 13:05 | Crear | Villager (Male) |
| 13:14 | Construir | Farm |
| 13:20 | Construir | Farm |
| 13:27 | Construir | Farm |
| 13:57 | Construir | Mining Camp |
| 14:37 | Construir | Farm |
| 16:55 | Investigar | Castle Age |
| 17:21 | Investigar | Stone Mining |
| 17:45 | Investigar | Horse Collar |
| 18:11 | Construir | Market |
| 18:46 | Investigar | Gold Mining |
| 19:35 | Edad | Edad de los Castillos |
| 19:39 | Construir | Castle |
| 20:07 | Construir | Town Center |
| 20:19 | Investigar | Bow Saw |
| 20:34 | Construir | Farm |
| 21:05 | Crear | Villager (Male) |
| 21:05 | Crear | Villager (Male) |
| 21:05 | Crear | Villager (Male) |
| 21:06 | Crear | Villager (Male) |
| 21:06 | Crear | Villager (Male) |
| 21:06 | Crear | Villager (Male) |
| 21:10 | Construir | Farm |
| 21:39 | Construir | Farm |
| 22:13 | Construir | Farm |
| 22:20 | Crear | Villager (Male) |
| 22:20 | Crear | Villager (Male) |
| 22:21 | Crear | Villager (Male) |
| 22:21 | Crear | Villager (Male) |
| 22:21 | Crear | Villager (Male) |
| 22:22 | Crear | Villager (Male) |
| 22:22 | Crear | Villager (Male) |
| 22:22 | Crear | Villager (Male) |
| 22:45 | Construir | Farm |
| 22:53 | Construir | Farm |
| 23:44 | Construir | Farm |
| 23:54 | Construir | Farm |
| 23:57 | Construir | Farm |
| 24:03 | Construir | Farm |
| 24:10 | Construir | Farm |
| 24:25 | Construir | Farm |
| 25:35 | Investigar | Imperial Age |
| 26:21 | Investigar | Hand Cart |
| 26:32 | Construir | Stable |
| 26:36 | Construir | Stable |
| 27:06 | Construir | Castle |
| 27:37 | Crear | Villager (Male) |
| 27:37 | Crear | Villager (Male) |
| 27:37 | Crear | Villager (Male) |
| 27:38 | Crear | Villager (Male) |
| 27:38 | Crear | Villager (Male) |
| 27:38 | Crear | Villager (Male) |
| 27:41 | Crear | Villager (Male) |
| 27:42 | Crear | Villager (Male) |
| 27:54 | Crear | Ballista Elephant |
| 27:54 | Crear | Ballista Elephant |
| 28:25 | Construir | Farm |
| 28:31 | Construir | Farm |
| 28:40 | Construir | Farm |
| 28:45 | Edad | Edad Imperial |
| 28:48 | Crear | Trebuchet (Packed) |
| 28:48 | Crear | Trebuchet (Packed) |
| 29:10 | Construir | Stable |
| 29:18 | Construir | Stable |
| 29:22 | Investigar | Conscription |
| 29:38 | Crear | Battle Elephant |
| 29:38 | Crear | Battle Elephant |
| 30:48 | Crear | Battle Elephant |
| 30:49 | Crear | Battle Elephant |
| 30:49 | Crear | Battle Elephant |
| 30:49 | Crear | Battle Elephant |
| 31:13 | Crear | Battle Elephant |
| 31:14 | Crear | Battle Elephant |
| 31:22 | Investigar | Gold Shaft Mining |
| 31:44 | Crear | Knight |
| 31:44 | Crear | Knight |
| 31:46 | Investigar | Husbandry |
Build order — FattyBlapWap
99 acciones detectadas en el replay
| 0:05 | Construir | House |
| 0:07 | Construir | House |
| 0:12 | Crear | Villager (Male) |
| 0:13 | Crear | Villager (Male) |
| 0:13 | Crear | Villager (Male) |
| 0:13 | Crear | Villager (Male) |
| 2:35 | Crear | Villager (Male) |
| 2:36 | Crear | Villager (Male) |
| 2:36 | Crear | Villager (Male) |
| 3:07 | Crear | Villager (Male) |
| 3:36 | Crear | Villager (Male) |
| 4:06 | Crear | Villager (Male) |
| 4:45 | Crear | Villager (Male) |
| 4:45 | Crear | Villager (Male) |
| 5:11 | Construir | Mill |
| 5:30 | Construir | House |
| 5:42 | Crear | Villager (Male) |
| 5:42 | Crear | Villager (Male) |
| 7:13 | Construir | House |
| 8:00 | Construir | Barracks |
| 8:06 | Construir | Palisade Wall |
| 8:15 | Crear | Villager (Male) |
| 8:24 | Crear | Villager (Male) |
| 8:25 | Crear | Villager (Male) |
| 8:39 | Crear | Villager (Male) |
| 9:26 | Construir | House |
| 9:42 | Construir | Palisade Wall |
| 9:45 | Construir | Palisade Wall |
| 9:54 | Construir | House |
| 9:58 | Construir | House |
| 10:00 | Construir | House |
| 10:03 | Construir | House |
| 10:04 | Construir | House |
| 10:07 | Construir | House |
| 10:09 | Construir | House |
| 10:12 | Construir | House |
| 10:18 | Construir | House |
| 10:20 | Construir | House |
| 10:22 | Construir | House |
| 10:33 | Construir | House |
| 10:35 | Construir | House |
| 10:48 | Investigar | Feudal Age |
| 11:40 | Construir | Palisade Gate |
| 12:20 | Construir | Lumber Camp |
| 12:28 | Crear | Villager (Male) |
| 12:29 | Crear | Villager (Male) |
| 12:29 | Crear | Villager (Male) |
| 12:29 | Crear | Villager (Male) |
| 12:58 | Edad | Edad Feudal |
| 13:14 | Construir | House |
| 13:47 | Crear | Villager (Male) |
| 13:48 | Crear | Villager (Male) |
| 13:48 | Crear | Villager (Male) |
| 13:49 | Crear | Villager (Male) |
| 13:49 | Crear | Villager (Male) |
| 13:49 | Crear | Villager (Male) |
| 13:50 | Crear | Villager (Male) |
| 14:10 | Construir | House |
| 14:12 | Construir | House |
| 14:14 | Construir | House |
| 14:33 | Crear | Villager (Male) |
| 14:34 | Crear | Villager (Male) |
| 14:34 | Crear | Villager (Male) |
| 15:16 | Crear | Villager (Male) |
| 15:32 | Construir | House |
| 16:08 | Crear | Villager (Male) |
| 16:09 | Crear | Villager (Male) |
| 16:09 | Crear | Villager (Male) |
| 16:26 | Construir | Mining Camp |
| 16:36 | Construir | Lumber Camp |
| 16:45 | Investigar | Double-Bit Axe |
| 21:16 | Construir | House |
| 21:21 | Construir | House |
| 21:34 | Construir | Farm |
| 21:36 | Construir | Farm |
| 21:38 | Construir | Farm |
| 21:39 | Construir | Farm |
| 21:41 | Construir | Farm |
| 21:51 | Construir | Blacksmith |
| 22:02 | Construir | Market |
| 22:44 | Construir | Mining Camp |
| 23:03 | Construir | Palisade Wall |
| 23:32 | Construir | Stone Wall |
| 23:47 | Construir | Farm |
| 23:48 | Construir | Farm |
| 23:50 | Construir | Farm |
| 24:12 | Construir | Stone Wall |
| 24:57 | Construir | Stone Wall |
| 25:10 | Construir | Gate |
| 25:41 | Construir | Stone Wall |
| 25:45 | Construir | Stone Wall |
| 26:17 | Investigar | Castle Age |
| 26:39 | Construir | Stone Wall |
| 28:44 | Construir | Stone Wall |
| 28:50 | Construir | Stone Wall |
| 28:57 | Edad | Edad de los Castillos |
| 29:07 | Investigar | Bow Saw |
| 29:14 | Investigar | Horse Collar |
| 29:32 | Construir | Town Center |
Build order — SGTbubbles
Primeras 150 de 192 acciones detectadas
| 0:06 | Construir | House |
| 0:08 | Construir | House |
| 0:09 | Crear | Villager (Male) |
| 0:09 | Crear | Villager (Male) |
| 0:09 | Crear | Villager (Male) |
| 0:10 | Crear | Villager (Male) |
| 0:10 | Crear | Villager (Male) |
| 1:46 | Crear | Villager (Male) |
| 1:46 | Crear | Villager (Male) |
| 2:27 | Crear | Villager (Male) |
| 2:27 | Crear | Villager (Male) |
| 3:30 | Crear | Villager (Male) |
| 3:30 | Crear | Villager (Male) |
| 3:31 | Crear | Villager (Male) |
| 4:36 | Construir | Lumber Camp |
| 5:03 | Construir | House |
| 5:24 | Crear | Villager (Male) |
| 5:25 | Crear | Villager (Male) |
| 5:25 | Crear | Villager (Male) |
| 5:25 | Crear | Villager (Male) |
| 5:26 | Crear | Villager (Male) |
| 5:26 | Crear | Villager (Male) |
| 6:00 | Construir | Mill |
| 6:08 | Crear | Villager (Male) |
| 6:08 | Crear | Villager (Male) |
| 7:04 | Crear | Villager (Male) |
| 7:05 | Crear | Villager (Male) |
| 7:06 | Crear | Villager (Male) |
| 7:30 | Crear | Villager (Male) |
| 7:33 | Crear | Villager (Male) |
| 7:38 | Construir | House |
| 8:15 | Crear | Villager (Male) |
| 8:15 | Crear | Villager (Male) |
| 8:24 | Construir | House |
| 9:14 | Construir | Mining Camp |
| 9:27 | Construir | Mining Camp |
| 10:08 | Crear | Villager (Male) |
| 10:08 | Crear | Villager (Male) |
| 10:11 | Investigar | Feudal Age |
| 10:30 | Construir | Mining Camp |
| 10:53 | Construir | Mill |
| 11:18 | Crear | Villager (Male) |
| 12:48 | Construir | House |
| 12:49 | Construir | House |
| 13:50 | Edad | Edad Feudal |
| 14:00 | Construir | Blacksmith |
| 14:36 | Construir | Market |
| 15:01 | Construir | Farm |
| 15:01 | Construir | Farm |
| 15:02 | Construir | Farm |
| 15:02 | Construir | Farm |
| 15:02 | Construir | Farm |
| 15:06 | Construir | Farm |
| 15:07 | Construir | Farm |
| 15:09 | Construir | Farm |
| 15:13 | Construir | Farm |
| 15:31 | Construir | Stone Wall |
| 15:52 | Construir | Stone Wall |
| 16:00 | Construir | Stone Wall |
| 16:11 | Construir | Stone Wall |
| 16:24 | Investigar | Castle Age |
| 16:45 | Investigar | Double-Bit Axe |
| 16:50 | Investigar | Horse Collar |
| 17:12 | Construir | Stone Wall |
| 17:25 | Construir | Stone Wall |
| 18:30 | Crear | Villager (Male) |
| 18:31 | Crear | Villager (Male) |
| 18:31 | Crear | Villager (Male) |
| 18:31 | Crear | Villager (Male) |
| 18:32 | Crear | Villager (Male) |
| 18:33 | Crear | Villager (Male) |
| 18:34 | Crear | Villager (Male) |
| 18:34 | Crear | Villager (Male) |
| 18:34 | Crear | Villager (Male) |
| 19:04 | Edad | Edad de los Castillos |
| 19:48 | Construir | Farm |
| 19:49 | Construir | Farm |
| 19:49 | Construir | Farm |
| 19:49 | Construir | Farm |
| 19:51 | Construir | Farm |
| 19:52 | Construir | Farm |
| 19:54 | Construir | Farm |
| 19:59 | Construir | Farm |
| 19:59 | Construir | Farm |
| 20:01 | Construir | Farm |
| 20:08 | Crear | Villager (Male) |
| 20:08 | Crear | Villager (Male) |
| 21:05 | Construir | Town Center |
| 21:25 | Construir | Town Center |
| 21:47 | Construir | Gate |
| 21:53 | Construir | Gate |
| 21:58 | Construir | Gate |
| 22:00 | Construir | Gate |
| 22:05 | Construir | Gate |
| 22:13 | Construir | Farm |
| 22:14 | Construir | Farm |
| 22:15 | Construir | Farm |
| 22:39 | Crear | Villager (Male) |
| 22:40 | Crear | Villager (Male) |
| 22:40 | Crear | Villager (Male) |
| 22:40 | Crear | Villager (Male) |
| 22:41 | Crear | Villager (Male) |
| 22:42 | Crear | Villager (Male) |
| 22:43 | Crear | Villager (Male) |
| 22:43 | Crear | Villager (Male) |
| 22:43 | Crear | Villager (Male) |
| 22:44 | Crear | Villager (Male) |
| 22:44 | Crear | Villager (Male) |
| 22:44 | Crear | Villager (Male) |
| 22:58 | Construir | Farm |
| 22:59 | Construir | Farm |
| 22:59 | Construir | Farm |
| 23:01 | Construir | Farm |
| 23:04 | Construir | Farm |
| 23:09 | Crear | Villager (Male) |
| 23:10 | Crear | Villager (Male) |
| 23:10 | Crear | Villager (Male) |
| 23:10 | Crear | Villager (Male) |
| 23:10 | Crear | Villager (Male) |
| 23:32 | Construir | Farm |
| 23:33 | Construir | Farm |
| 24:02 | Construir | Farm |
| 24:09 | Crear | Villager (Male) |
| 24:09 | Crear | Villager (Male) |
| 24:09 | Crear | Villager (Male) |
| 24:10 | Crear | Villager (Male) |
| 24:10 | Crear | Villager (Male) |
| 24:10 | Crear | Villager (Male) |
| 24:31 | Construir | House |
| 24:33 | Construir | House |
| 24:38 | Construir | House |
| 24:40 | Construir | House |
| 24:57 | Crear | Villager (Male) |
| 24:57 | Crear | Villager (Male) |
| 24:57 | Crear | Villager (Male) |
| 24:57 | Crear | Villager (Male) |
| 25:12 | Crear | Villager (Male) |
| 25:12 | Crear | Villager (Male) |
| 25:12 | Crear | Villager (Male) |
| 25:12 | Crear | Villager (Male) |
| 25:13 | Crear | Villager (Male) |
| 25:28 | Construir | Barracks |
| 25:52 | Construir | Farm |
| 25:53 | Construir | Farm |
| 26:01 | Crear | Villager (Male) |
| 26:02 | Crear | Villager (Male) |
| 26:02 | Crear | Villager (Male) |
| 26:02 | Crear | Villager (Male) |
| 26:03 | Crear | Villager (Male) |
| 26:08 | Crear | Villager (Male) |
Cronología de la partida
| 8:00 | FattyBlapWap · first_building Barracks |
| 8:06 | FattyBlapWap · wall_segment Palisade Wall x1 |
| 9:42 | FattyBlapWap · wall_segment Palisade Wall x7 |
| 9:45 | FattyBlapWap · wall_segment Palisade Wall x4 |
| 9:57 | Maximus_Rippus · first_building Barracks |
| 10:44 | AnHell · age_up feudal |
| 10:46 | madsuperlugnelars · age_up feudal |
| 11:24 | Maximus_Rippus · age_up feudal |
| 12:58 | FattyBlapWap · age_up feudal |
| 13:50 | SGTbubbles · age_up feudal |
| 15:31 | SGTbubbles · wall_segment Stone Wall x8 |
| 15:52 | SGTbubbles · wall_segment Stone Wall x3 |
| 16:00 | SGTbubbles · wall_segment Stone Wall x17 |
| 16:11 | SGTbubbles · wall_segment Stone Wall x28 |
| 17:12 | SGTbubbles · wall_segment Stone Wall x13 |
| 17:25 | SGTbubbles · wall_segment Stone Wall x14 |
| 19:04 | SGTbubbles · age_up castle |
| 19:35 | AnHell · age_up castle |
| 19:39 | AnHell · first_building Castle |
| 20:24 | Maximus_Rippus · age_up castle |
| 20:50 | madsuperlugnelars · first_building Barracks |
| 20:57 | Maximus_Rippus · first_building Castle |
| 21:17 | AlPha :D · age_up feudal |
| 23:03 | FattyBlapWap · wall_segment Palisade Wall x1 |
| 23:10 | madsuperlugnelars · wall_segment Stone Wall x19 |
| 23:32 | FattyBlapWap · wall_segment Stone Wall x15 |
| 24:12 | FattyBlapWap · wall_segment Stone Wall x12 |
| 24:57 | FattyBlapWap · wall_segment Stone Wall x2 |
| 25:28 | SGTbubbles · first_building Barracks |
| 25:31 | AlPha :D · resign |
| 25:41 | FattyBlapWap · wall_segment Stone Wall x4 |
| 25:45 | FattyBlapWap · wall_segment Stone Wall x13 |
| 26:25 | madsuperlugnelars · wall_segment Stone Wall x28 |
| 26:32 | AnHell · first_building Stable |
| 26:34 | madsuperlugnelars · age_up castle |
| 26:39 | FattyBlapWap · wall_segment Stone Wall x16 |
| 26:59 | SGTbubbles · first_building Castle |
| 27:17 | madsuperlugnelars · first_building Castle |
| 28:11 | Maximus_Rippus · first_building Siege Workshop |
| 28:44 | FattyBlapWap · wall_segment Stone Wall x8 |
| 28:45 | AnHell · age_up imperial |
| 28:50 | FattyBlapWap · wall_segment Stone Wall x15 |
| 28:57 | FattyBlapWap · age_up castle |
| 29:50 | madsuperlugnelars · wall_segment Stone Wall x13 |
| 30:00 | SGTbubbles · first_building Archery Range |
| 31:28 | madsuperlugnelars · wall_segment Stone Wall x20 |
[ ANÁLISIS IA · 1 CRÉDITO ]
¿Qué pasó realmente en esta partida?
Wolo.gg analiza cada decisión: build order, eco, micro, errores típicos por bracket. Análisis personalizado por WhatsApp o Discord en 30 segundos.
Guía civ
Turcos
Guía mapa
Arabia
Perfil
Maximus_Rippus